 Dungeon Crawl Stone Soup version 0.22-a0-866-geee50340df (webtiles) character file.

740402 Sphara the Slayer (level 27, -6/335 HPs)
             Began as a Hill Orc Ice Elementalist on July 27, 2018.
             Was the Champion of Beogh.
             Killed from afar by a deep elf sorcerer (9 damage)
             ... with a bolt of acid
             ... summoned by an infernal corrupter
             ... in Pandemonium on July 28, 2018.
             The game lasted 06:44:04 (89809 turns).

Sphara the Slayer (Hill Orc Ice Elementalist)      Turns: 89809, Time: 06:44:06

Health: -6/335     AC: 35    Str: 21    XL:     27
Magic:  38/51      EV: 18    Int: 25    God:    Beogh [******]
Gold:   4432       SH:  5    Dex: 12    Spells: 2/56 levels left

rFire    + + .     SeeInvis +   r - +9 eveningstar (elec)
rCold    + + .     Gourm    .   E - +0 buckler "Gubaxosu" {rPois rC+ Int+3}
rNeg     + + .     Faith    .   (armour currently unavailable)
rPois    ∞         Spirit   .   H - +2 hat "Qasicuci" {rElec rF+ rC+ Slay+5}
rElec    +         Reflect  .   K - +2 cloak {MR+}
rCorr    .         Harm     .   (gloves currently unavailable)
MR       +++++                  (boots currently unavailable)
Stlth    +++.......             J - amulet "Nufiklon" {RegenMP rF+ MR+ Int+4 SInv}
HPRegen  0.65/turn              i - ring "Mueck" {rN+ Slay+5}
MPRegen  0.57/turn              G - ring of Lollus {+Inv MR+ MP+9 Str+4 Dex+5}

@: statue-form, studying Throwing, very slow
A: walk on water, blink, [blurry vision 2], [clumsy 2], [deformed body], [dopey
2], [screaming 2], electricity resistance, [subdued magic 2]
}: 6/15 runes: barnacled, slimy, silver, golden, abyssal, gossamer
a: End Transformation, Blink, Smiting, Recall Orcish Followers, Give Item to
Named Follower, Resurrection, Renounce Religion, Evoke Invisibility


You were in Pandemonium.
You worshipped Beogh.
Beogh was exalted by your worship.
You were hungry.
You were a stone statue.
You visited 12 branches of the dungeon, and saw 56 of its levels.
You visited Pandemonium 1 time, and saw 4 of its levels.
You visited the Abyss 3 times.
You also visited: Labyrinth and Trove.

You collected 10389 gold pieces.
You spent 5957 gold pieces at shops.

Inventory:

Hand Weapons
 r - a +9 eveningstar of electrocution (weapon)
 O - a +6 broad axe of electrocution
Missiles
 h - 13 throwing nets
 u - 13 poisoned javelins (quivered)
Armour
 s - the +3 warlock's mirror {reflect}
   (You found it in a treasure trove)
 y - a +2 pair of boots (melded)
 E - the +0 buckler "Gubaxosu" (worn) {rPois rC+ Int+3}
   (You found it in a treasure trove)

   It affects your intelligence (+3).
   It protects you from cold.
   It protects you from poison.
 H - the +2 hat "Qasicuci" (worn) {rElec rF+ rC+ Slay+5}
   (You found it in a treasure trove)

   It affects your accuracy and damage with ranged weapons and melee attacks
   (+5).
   It protects you from fire.
   It protects you from cold.
   It insulates you from electricity.
 K - a +2 cloak of magic resistance (worn)
 N - a +1 large shield of reflection
 P - the +10 ring mail of Rationality (melded) {rCorr Str-3 Int+4 Stlth+}
   (You took it off a tengu warrior on level 2 of the Depths)

   It affects your strength (-3).
   It affects your intelligence (+4).
   It provides partial protection from all sources of acid and corrosion.
   It makes you more stealthy.
 R - a +2 pair of gloves of strength (melded)
Jewellery
 i - the ring "Mueck" (left hand) {rN+ Slay+5}
   (You found it on level 5 of the Pits of Slime)

   [ring of positive energy]

   It affects your accuracy and damage with ranged weapons and melee attacks
   (+5).
   It protects you from negative energy.
 x - the ring "Zoanom" {rF+ MP+9 Int+2 Dex+2 SInv}
   (You bought it in a shop on level 2 of the Shoals)

   [ring of protection from fire]

   It affects your intelligence (+2).
   It affects your dexterity (+2).
   It protects you from fire.
   It affects your magic capacity (+9).
   It lets you see invisible.
 G - the ring of Lollus (right hand) {+Inv MR+ MP+9 Str+4 Dex+5}
   (You found it on level 3 of the Crypt)

   [ring of protection from magic]

   It affects your strength (+4).
   It affects your dexterity (+5).
   It affects your resistance to hostile enchantments.
   It affects your magic capacity (+9).
   It lets you turn invisible.
 J - the amulet "Nufiklon" (around neck) {RegenMP rF+ MR+ Int+4 SInv}
   (You took it off a deep elf elementalist on level 3 of the Elven Halls)

   [amulet of magic regeneration]

   It increases your magic regeneration.
   It affects your intelligence (+4).
   It protects you from fire.
   It affects your resistance to hostile enchantments.
   It lets you see invisible.
 M - the ring "Huowan" {rN+ Int+4}
   (You took it off a deep elf mage on level 3 of the Elven Halls)

   [ring of positive energy]

   It affects your intelligence (+4).
   It protects you from negative energy.
Wands
 a - a wand of clouds (12)
 q - a wand of iceblast (2)
 w - a wand of paralysis (53)
 z - a wand of acid (6)
 C - a wand of digging (1)
Scrolls
 d - 6 scrolls of fear
 f - 2 scrolls of summoning
 g - 7 scrolls of identify
 j - 2 scrolls of amnesia
 k - 22 scrolls of remove curse
 m - 5 scrolls of fog
 n - 15 scrolls of magic mapping
 t - 11 scrolls of immolation
 B - a scroll of brand weapon
 F - 8 scrolls of teleportation
 W - 3 scrolls of blinking
Potions
 e - 14 potions of agility
 l - 4 potions of brilliance
 p - 7 potions of haste
 v - 12 potions of mutation
 A - 5 potions of berserk rage
 I - 9 potions of invisibility
 S - 7 potions of ambrosia
 T - 3 potions of resistance
 U - 4 potions of magic
 V - 4 potions of cancellation
 X - 8 potions of might
 Y - 16 potions of curing
 Z - 3 potions of heal wounds
Books
 o - a manual of Throwing
Miscellaneous
 b - a lamp of fire
 D - a figurine of a ziggurat
 L - a fan of gales
 Q - 5 phantom mirrors
Comestibles
 c - 55 rations


   Skills:
 - Level 23.0 Fighting
 * Level 17.3(21.5) Axes
 * Level 18.9(20.6) Maces & Flails
   Level 3.3(4.9) Slings
 * Level 5.5(6.0) Throwing
 - Level 5.2 Armour
 - Level 11.1 Dodging
 - Level 6.0 Stealth
 - Level 4.3 Shields
 - Level 15.0 Spellcasting
   Level 1.0 Conjurations
 - Level 5.0 Charms
 * Level 14.4 Summonings
 - Level 14.7 Necromancy
 - Level 10.7 Translocations
 - Level 9.0 Transmutations
   Level 5.1 Ice Magic
 - Level 16.2 Earth Magic
 - Level 21.0 Invocations
 - Level 6.8 Evocations


You had 2 spell levels left.
You knew the following spells:

 Your Spells              Type           Power        Failure   Level  Hunger
a - Malign Gateway        Summ/Tloc      ######....   10%         7    ######.
c - Borgnjor's Vile Clut  Necr/Erth      ######....   1%          5    ##.....
d - Statue Form           Tmut/Erth      ######...    1%          6    ####...
e - Song of Slaying       Chrm           ####....     1%          2    None
g - Spectral Weapon       Hex/Chrm       ###.....     1%          3    None
h - Blink                 Tloc           N/A          0%          2    None
i - Lesser Beckoning      Tloc           #####.....   1%          3    None
j - Passage of Golubria   Tloc           N/A          1%          4    None
k - Dispel Undead         Necr           ######..     1%          5    ##.....
l - Lee's Rapid Deconstr  Erth           ######....   1%          5    ##.....
m - Passwall              Tmut/Erth      ######..     0%          2    None
n - Summon Butterflies    Summ           ######..     0%          1    None
o - Apportation           Tloc           #####.       0%          1    None
p - Aura of Abjuration    Summ           ######....   1%          5    ##.....
z - Regeneration          Chrm/Necr      #####.....   1%          3    None

Your spell library contained the following spells:

 Spells                   Type           Power        Failure   Level  Hunger
 Cause Fear               Hex            ##........   21%         4    None
 Magic Dart               Conj           ##..         1%          1    None
 Fireball                 Conj/Fire      ##........   45%         5    ##.....
 Conjure Flame            Conj/Fire      ##......     4%          3    None
 Bolt of Fire             Conj/Fire      ##........   97%         6    ####...
 Bolt of Cold             Conj/Ice       ###.......   69%         6    ####...
 Lightning Bolt           Conj/Air       ##........   45%         5    ##.....
 Bolt of Magma            Conj/Fire/Erth ####......   4%          5    ##.....
 Slow                     Hex            ##......     2%          2    None
 Confuse                  Hex            ##......     5%          3    None
 Invisibility             Hex            ##......     98%         6    ####...
 Throw Flame              Conj/Fire      ##....       1%          2    None
 Throw Frost              Conj/Ice       ###...       1%          2    None
 Freezing Cloud           Conj/Ice/Air   ###.......   85%         6    ####...
 Mephitic Cloud           Conj/Pois/Air  ##......     4%          3    None
 Ring of Flames           Chrm/Fire      ###.......   100%        7    ######.
 Venom Bolt               Conj/Pois      ##........   45%         5    ##.....
 Teleport Other           Tloc           #####...     1%          3    None
 Death's Door             Chrm/Necr      #####.....   95%         8    #######
 Summon Small Mammal      Summ           ####         0%          1    None
 Bolt of Draining         Conj/Necr      #####.....   1%          5    ##.....
 Lehudib's Crystal Spear  Conj/Erth      #####.....   99%         8    #######
 Fire Storm               Conj/Fire      ##........   100%        9    #######
 Iskenderun's Mystic Bla  Conj           ##......     13%         4    None
 Summon Horrible Things   Summ           ######....   36%         8    #######
 Animate Dead             Necr           N/A          0%          4    None
 Pain                     Necr           ####         0%          1    None
 Animate Skeleton         Necr           N/A          0%          1    None
 Vampiric Draining        Necr           ######....   0%          3    None
 Freeze                   Ice            ####         1%          1    None
 Summon Ice Beast         Ice/Summ       #####...     1%          4    None
 Ozocubu's Armour         Chrm/Ice       ####....     1%          3    None
 Call Imp                 Summ           ######..     0%          2    None
 Poison Arrow             Conj/Pois      ##........   97%         6    ####...
 Sublimation of Blood     Necr           ######....   0%          2    None
 Tukima's Dance           Hex            ##......     5%          3    None
 Summon Demon             Summ           ######....   1%          5    ##.....
 Summon Greater Demon     Summ           ######....   4%          7    ######.
 Corpse Rot               Necr           N/A          0%          2    None
 Iron Shot                Conj/Erth      #####.....   9%          6    ####...
 Stone Arrow              Conj/Erth      #####.       1%          3    None
 Shock                    Conj/Air       ##..         1%          1    None
 Swiftness                Chrm/Air       ###.....     1%          2    None
 Recall                   Summ/Tloc      N/A          0%          3    None
 Agony                    Necr           ######..     1%          5    ##.....
 Spider Form              Tmut/Pois      ####......   1%          3    None
 Blade Hands              Tmut           #####.....   1%          5    ##.....
 Ice Form                 Ice/Tmut       ####....     1%          4    None
 Death Channel            Necr           ######....   1%          6    ####...
 Deflect Missiles         Chrm/Air       ###.......   78%         6    ####...
 Throw Icicle             Conj/Ice       ###.....     5%          4    None
 Glaciate                 Conj/Ice       ###.......   100%        9    #######
 Shadow Creatures         Summ           N/A          1%          6    ####...
 Confusing Touch          Hex            ##....       1%          1    None
 Flame Tongue             Conj/Fire      ##...        1%          1    None
 Ignite Poison            Fire/Tmut/Pois ###.....     1%          3    None
 Sticks to Snakes         Tmut           #####...     1%          2    None
 Call Canine Familiar     Summ           ######..     0%          3    None
 Ensorcelled Hibernation  Hex/Ice        ###...       1%          2    None
 Silence                  Hex/Air        ##........   54%         5    ##.....
 Shatter                  Erth           ######....   97%         9    #######
 Static Discharge         Conj/Air       ##......     4%          3    None
 Corona                   Hex            ##.....      1%          1    None
 Alistair's Intoxication  Tmut/Pois      ####....     9%          5    ##.....
 Simulacrum               Ice/Necr       #####.....   4%          6    ####...
 Conjure Ball Lightning   Conj/Air       ##........   97%         6    ####...
 Chain Lightning          Conj/Air       ##........   100%        8    #######
 Excruciating Wounds      Chrm/Necr      #####.....   1%          5    ##.....
 Portal Projectile        Hex/Tloc       ####..       1%          3    None
 Monstrous Menagerie      Summ           ######....   4%          7    ######.
 Petrify                  Tmut/Erth      ######..     1%          4    None
 Orb of Destruction       Conj           ##........   100%        7    ######.
 Tornado                  Air            ##........   100%        9    #######
 Leda's Liquefaction      Hex/Erth       #####.....   1%          4    None
 Summon Hydra             Summ           ######....   4%          7    ######.
 Darkness                 Hex            ##........   98%         6    ####...
 Shroud of Golubria       Chrm/Tloc      #####.....   1%          2    None
 Inner Flame              Hex/Fire       ##......     5%          3    None
 Beastly Appendage        Tmut           #####.       0%          1    None
 Iskenderun's Battlesphe  Conj/Chrm      ###.....     17%         5    ##.....
 Fulminant Prism          Conj/Hex       ##........   17%         4    None
 Dazzling Spray           Conj/Hex       ##....       4%          3    None
 Force Lance              Conj/Tloc      ####....     1%          4    None
 Infusion                 Chrm           ####         1%          1    None
 Searing Ray              Conj           ##....       1%          2    None
 Summon Forest            Summ/Tloc      ######....   1%          5    ##.....
 Summon Lightning Spire   Summ/Air       ####....     1%          4    None
 Summon Guardian Golem    Hex/Summ       ####....     1%          3    None
 Spellforged Servitor     Conj/Summ      #####.....   63%         7    ######.
 Summon Mana Viper        Hex/Summ       ####....     2%          5    ##.....
 Hydra Form               Tmut           #####.....   7%          6    ####...
 Irradiate                Conj/Tmut      ####......   7%          5    ##.....
 Gell's Gravitas          Tloc           #####.....   1%          3    None
 Poisonous Vapours        Pois/Air       ##....       2%          2    None
 Ignition                 Fire           ##........   100%        8    #######


Dungeon Overview and Level Annotations

Branches:
Dungeon (15/15)            Temple (0/1) D:5            Lair (6/6) D:11
 Shoals (4/4) Lair:4       Spider (4/4) Lair:2        Slime (5/5) Lair:6
    Orc (2/2) D:9             Elf (3/3) Orc:2        Vaults (5/5) D:13
  Crypt (3/3) Vaults:2       Tomb (3/3) Crypt:3      Depths (5/5) D:15
   Hell (1/1)                 Coc (0/7) Hell            Zot (0/5) Depths:5
    Dis: Hell:1         Geh: Hell:1         Tar: Hell:1

Altars:
Ashenzari
Cheibriados
Dithmenos
Fedhas
Hepliaklqana
Kikubaaqudgha
Makhleb
Nemelex Xobeh
Okawaru
Qazlal
Ru
Trog
Vehumet
Wu Jian
The Shining One
Beogh
Jiyva

Shops:
D:11 [   D:12 :   D:14 [   D:15 !   Orc:2 (!*[!   Elf:2 :   Elf:3 (
Shoals:2 *=((=   Shoals:3 =   Shoals:4 [   Vaults:3 *   Vaults:5 %!?

Portals:
Hell: Depths:1 Depths:2 Depths:3 Depths:4 Depths:5
Abyss: Depths:2 Depths:3 Depths:4
Pandemonium: Depths:2 Depths:3
Ziggurat: Depths:3

Annotations:
D:2 Natasha
D:9 exclusion: downstairs
Spider:2 exclusion: downstairs
Spider:3 3 runed doors, Otuihi's ghost, adept MiBe
Slime:2 exclusion: upstairs
Elf:1 3 runed doors, Otrisyeh's ghost, adept DgGl
Elf:2 3 runed doors
Elf:3 1 exclusion


Innate Abilities, Weirdness & Mutations

You can walk on water.
You can translocate small distances at will.
You are resistant to electric shocks. (rElec)
[Scrolls take you longer to read.]
[You are very clumsy. (Dex -4)]
[Armour fits poorly on your strangely shaped body.]
[You are very dopey. (Int -4)]
[You sometimes yell uncontrollably at your foes.]
[Your spells are easier to cast, but less powerful.]


Message History

The chaos spawn gores you but does no damage.
The torturous warmonger hits you with a demon trident of electrocution!!
* * * LOW HITPOINT WARNING * * *
The deep elf sorcerer wildly gestures.
You feel disoriented.
You block the deep elf sorcerer's attack.
Casting: Blink (safe; 0% risk of failure)
Confirm with . or Enter, or press ? or * to list all spells.
You blink.
The zombie hands constrict the infernal corrupter!!
The zombie hands constrict the chaos spawn.
You kill the chaos spawn!
Beogh accepts your kill.
The chaos spawn degenerates into a cloud of primal chaos!
The vampire knight disappears in a puff of smoke!
The shambling mangrove disappears in a puff of smoke!
The grasping roots settle back into the ground.
The deep elf sorcerer points at you and mumbles some strange words.
The bolt of acid hits you!
You die...

......
......#########
...............
...............
.............#
.............#
.............#
.......8....§#
...........D§########
..........§e§.§.....#
...........§66......#
##..######.§#########
###..######..######
....................
....................
########..##########


You could see a torturous warmonger (berserk), an infernal corrupter, a swamp
dragon and a deep elf sorcerer.

Vanquished Creatures
  the Royal Jelly (Slime:5)
  2 juggernauts
  4 ancient liches
  The ghost of Nuatecoo the Warrior, a veteran GrFi of the Shining One (Crypt:1)
  20 greater mummies
  Frederick (Tomb:2)
  Geryon (Hell)
  A caustic shrike (Depths:3)
  10 golden dragons
  2 profane servitors (Abyss:3)
  Arachne (Spider:3)
  A bone dragon (Depths:5)
  Jory (Crypt:3)
  A Brimstone Fiend (Pan)
  Jorgrun (Spider:2)
  7 tentacled monstrosities
  A Hell Sentinel (Abyss:4)
  9 liches
  4 deep elf blademasters (Elf:3)
  An Ice Fiend (Pan)
  2 quicksilver dragons
  2 pandemonium lords (Pan)
  3 titans (Vaults:5)
  Asterion (Spider:3)
  2 deep elf master archers (Elf:3)
  A kraken (Shoals:4)
  3 Executioners (Pan)
  11 sphinxes
  9 tentacled starspawn
  11 acid blobs
  8 tengu reavers
  7 ancient champions
  6 storm dragons
  A draconian monk (Depths:5)
  4 shadow dragons
  4 azure jellies
  4 revenants
  6 frost giants
  6 ghost moths
  12 fire giants
  5 iron dragons
  7 deep elf sorcerers
  An orc warlord (Depths:2)
  12 vault wardens
  3 emperor scorpions (Spider:4)
  11 deep elf elementalists
  4 cacodemons
  A balrug (Abyss:3)
  Aizul (Depths:1)
  Louise (Spider:3)
  A warmonger (Pan)
  8 ghouls
  6 reapers
  2 curse skulls (Crypt:2)
  An angel (Abyss:3)
  10 ironheart preservers
  A war gargoyle (Vaults:5)
  21 very ugly things
  A draconian stormcaller (Depths:5)
  15 stone giants
  2 blood saints (Pan)
  An entropy weaver (Spider:4)
  2 lorocyprocas
  8 deep elf demonologists
  A green draconian (Abyss:4)
  7 deep elf annihilators
  A juggernaut skeleton (Depths:2)
  11 vampire knights
  A black sun (Pan)
  9 bennus
  A white draconian (Depths:5)
  A yellow draconian (Depths:5)
  Azrael (D:14)
  A minotaur (Lab)
  5 spark wasps
  A purple draconian (Depths:5)
  2 black draconians (Depths:5)
  A crystal guardian (Vaults:5)
  17 ettins
  4 eidola
  8 deep elf death magi
  A merfolk javelineer (Shoals:4)
  21 jiangshi
  2 death oozes
  3 green deaths
  7 merfolk impalers
  Josephine (D:14)
  A spectral quicksilver dragon (Crypt:3)
  26 mummy priests
  A blizzard demon (Pan)
  12 yaktaur captains
  9 fire dragons
  7 deep elf high priests
  12 great orbs of eyes
  5 spriggan air magi
  9 rakshasas
  26 vault guards
  9 ice dragons
  A hydra (shapeshifter) (Depths:2)
  A monstrous demonspawn (Pan)
  8 death knights
  A hydra (D:11)
  A ghost crab (Abyss:4)
  7 centaur warriors
  A hell beast (Hell)
  A catoblepas (D:13)
  A quicksilver dragon skeleton (Tomb:3)
  3 merfolk aquamancers
  7 deep troll shamans
  5 merfolk avatars (Shoals:4)
  3 tengu warriors
  2 satyrs
  14 dancing weapons
  27 death scarabs
  56 two-headed ogres
  12 ogre magi
  5 deep troll earth magi
  3 hell hogs
  12 thrashing horrors
  6 spriggan berserkers
  11 hell knights
  7 vampire magi
  A spectral dire elephant (Crypt:3)
  2 iron golems (Hell)
  10 sun demons
  7 wretched stars
  12 deep elf knights
  8 soul eaters
  2 iron trolls (Hell)
  30 skeletal warriors
  A fire crab (shapeshifter) (Elf:1)
  2 titan skeletons
  3 shadow wraiths
  2 fire crabs
  33 large abominations
  6 sixfirhies
  A sea snake (Shoals:3)
  A golden dragon zombie (Depths:2)
  4 unseen horrors
  A storm dragon skeleton (Depths:2)
  2 anaconda zombies
  7 glowing orange brains
  3 shadow demons (Pan)
  A torturous demonspawn (Pan)
  8 flayed ghosts
  11 orc knights
  9 ironbrand convokers
  6 phantasmal warriors
  A shambling mangrove (Abyss:4)
  2 shadow dragon zombies
  4 infernal demonspawn (Pan)
  26 deep trolls
  15 deep elf archers
  7 necromancers
  A wizard (Vaults:1)
  21 wolf spiders
  A mana viper (shapeshifter) (Vaults:4)
  41 ugly things
  5 orc sorcerers
  48 deep elf magi
  10 harpies (Shoals:2)
  3 cyclopes
  A manticore (shapeshifter) (Depths:5)
  8 orb spiders
  A frost giant zombie (Tomb:2)
  4 fauns
  2 fire giant skeletons
  A fire giant zombie (Depths:2)
  6 shining eyes
  2 oklob plants (Lair:4)
  9 manticores
  A moth of wrath (Spider:3)
  2 frost giant skeletons (Abyss:2)
  A salamander (shapeshifter) (Vaults:5)
  A shock serpent zombie (Abyss:2)
  3 moths of wrath (shapeshifter)
  6 water nymphs
  2 worldbinders (Abyss:2)
  3 eyes of devastation
  3 merfolk sirens
  2 stone giant skeletons
  3 elephants (Lair:6)
  12 vault sentinels
  A dire elephant zombie (Abyss:3)
  4 apocalypse crabs
  2 black mambas
  7 rust devils
  A torpor snail (Spider:3)
  4 centaur skeletons
  2 gargoyles
  An elf zombie (Depths:2)
  9 smoke demons
  An efreet (Abyss:2)
  A komodo dragon (shapeshifter) (Depths:5)
  4 spiny frogs
  7 orange demons
  A kobold demonologist (Abyss:2)
  A hellion (Hell)
  A rime drake (shapeshifter) (Vaults:4)
  3 komodo dragons
  38 yaktaurs
  5 demonic crawlers
  An alligator snapping turtle skeleton (Crypt:2)
  A yaktaur (shapeshifter) (Vaults:4)
  11 freezing wraiths
  7 ice devils
  3 tormentors
  2 tengu conjurers
  A yellow draconian skeleton (Crypt:1)
  A grey draconian skeleton (Crypt:2)
  A ghost moth simulacrum (Tomb:3)
  A hydra zombie (Hell)
  54 guardian mummies
  7 ancient zymes
  A queen bee (Depths:2)
  3 wind drakes
  A minotaur skeleton (Crypt:2)
  A troll (shapeshifter) (Vaults:3)
  24 merfolk
  A polar bear (Lair:6)
  A queen bee (shapeshifter) (Vaults:5)
  3 trolls
  4 red devils (Hell)
  15 jumping spiders
  A shadow dragon simulacrum (Crypt:3)
  5 snapping turtles
  92 slime creatures
  14 hornets
  A meliai zombie (D:14)
  Prince Ribbit (D:6)
  14 raiju
  A hornet (shapeshifter) (Vaults:4)
  A hydra skeleton (Hell)
  2 blink frogs
  A frost giant simulacrum (Abyss:4)
  A bog body (Crypt:2)
  22 starcursed masses
  7 hippogriffs
  10 air elementals
  68 flying skulls
  A fire dragon skeleton (Crypt:1)
  A fire giant simulacrum (Vaults:2)
  4 wyverns (Lair:6)
  63 redbacks
  3 shadows
  A tarantella (shapeshifter) (D:15)
  7 ynoxinuls
  A yak (shapeshifter) (Vaults:1)
  A spriggan (D:10)
  29 water elementals
  A spriggan skeleton (Depths:2)
  22 tarantellas
  32 yaks
  4 vampires
  17 ushabtiu
  8 wraiths
  2 basilisks
  6 fire elementals
  Eustachio (D:5)
  A steam dragon (D:10)
  2 hungry ghosts
  A golden eye (shapeshifter) (Vaults:5)
  6 golden eyes
  4 vampire mosquitoes
  7 chaos spawn
  6 neqoxecs
  2 fire bats (Shoals:4)
  A wind drake skeleton (Crypt:1)
  A harpy simulacrum (Tomb:2)
  Edmund (D:6)
  A warg (shapeshifter) (Vaults:1)
  A deep troll zombie (Vaults:3)
  4 wargs
  A soldier ant (shapeshifter) (Vaults:2)
  7 water moccasins
  Duvessa (D:6)
  3 hell hounds
  A soldier ant (D:11)
  A swamp worm (shapeshifter) (Depths:3)
  A porcupine (Lair:3)
  3 floating eyes
  A floating eye (shapeshifter) (Vaults:1)
  A spiny frog zombie (Hell)
  8 orc warriors
  A gelid demonspawn skeleton (Crypt:2)
  A phantom (D:7)
  4 sky beasts
  A sky beast (shapeshifter) (D:15)
  18 small abominations
  A black bear (shapeshifter) (Depths:3)
  A swamp dragon zombie (Crypt:1)
  30 ogres
  6 eyes of draining
  7 ice beasts
  An eye of draining (shapeshifter) (Depths:3)
  9 necrophages
  A wolf (Lair:4)
  A human zombie (Vaults:3)
  21 boggarts
  23 centaurs
  A snapping turtle skeleton (Crypt:1)
  6 crocodiles
  2 big kobolds
  12 bullfrogs
  A bullfrog (shapeshifter) (Depths:3)
  A wyvern zombie (D:11)
  5 earth elementals
  A gnoll sergeant (D:7)
  A glowing shapeshifter simulacrum (Depths:2)
  Dowan (D:6)
  A wyvern skeleton (D:9)
  2 human skeletons (Vaults:3)
  A scorpion (D:5)
  23 killer bees
  A yak zombie (Crypt:1)
  11 wights
  2 howler monkeys
  An electric eel (Spider:2)
  2 centaur zombies
  5 quasits
  A human simulacrum (Vaults:3)
  9 crimson imps
  12 jellies
  8 hounds
  6 orc priests
  9 orc wizards
  3 iguanas
  5 iron imps
  Ijyb (D:5)
  Natasha (D:2)
  A black bear skeleton (Crypt:1)
  11 worker ants
  5 hell rats
  A porcupine skeleton (Crypt:2)
  A crocodile skeleton (Crypt:2)
  A hound zombie (D:6)
  2 hound skeletons
  48 mummies
  3 worker ant zombies
  12 gnolls
  14 adders
  4 shadow imps
  4 white imps
  An ufetubus (Abyss:4)
  3 oozes
  3 adder zombies
  6 worms
  A dart slug (D:4)
  6 leopard geckos
  37 orcs
  An orc (shapeshifter) (Depths:4)
  4 ball pythons
  4 giant cockroaches
  A giant cockroach (shapeshifter) (Vaults:5)
  A gnoll zombie (Crypt:1)
  7 goblins
  10 hobgoblins
  14 jackals
  4 quokkas
  9 bats
  3 frilled lizards
  A goblin skeleton (Crypt:1)
  2 jackal skeletons (D:4)
  16 kobolds
  A leopard gecko zombie (D:2)
  A quokka zombie (D:8)
  9 rats
  2 crawling corpses (Elf:3)
  A fungus (Lair:4)
  9 plants
  4 starspawn tentacles
  3 tentacles
2428 creatures vanquished.

Vanquished Creatures (collateral kills)
  An ancient lich (Tomb:1)
  Sojobo (Depths:2)
  Saint Roka (Crypt:3)
  A bone dragon (Crypt:3)
  A profane servitor (Crypt:3)
  2 golden dragons (Depths:2)
  A lich (Tomb:1)
  3 tentacled monstrosities
  An acid blob (Slime:5)
  A revenant (Tomb:1)
  2 tengu reavers (Depths:2)
  An azure jelly (Slime:3)
  A deep elf sorcerer (Elf:1)
  A balrug (Pan)
  An emperor scorpion (Spider:1)
  A vault warden (Vaults:4)
  3 frost giants
  A ghoul (Crypt:2)
  2 ironheart preservers
  A war gargoyle (Vaults:5)
  2 stone giants (Depths:2)
  An entropy weaver (Spider:1)
  A bennu (Tomb:1)
  2 vampire knights (Crypt:3)
  A merfolk javelineer (Shoals:4)
  2 deep elf death magi
  Snorg (Orc:1)
  4 fire dragons
  3 jiangshi (Crypt:3)
  2 ogre magi
  A deep elf high priest (Elf:3)
  9 vault guards
  A great orb of eyes (Depths:3)
  3 rakshasas
  8 hydras
  5 ice dragons
  Harold (D:11)
  6 two-headed ogres
  An anaconda (D:11)
  A centaur warrior (Depths:1)
  A merfolk avatar (Shoals:4)
  A death knight (Crypt:3)
  2 tengu warriors
  2 vampire magi
  A sun demon (Depths:2)
  2 death scarabs (Tomb:3)
  2 orc high priests (Orc:2)
  A spriggan berserker (Depths:2)
  A thrashing horror (Abyss:3)
  A deep elf knight (D:13)
  4 small abominations
  An unseen horror (D:12)
  8 skeletal warriors
  A torturous demonspawn (Pan)
  2 sea snakes (Shoals:4)
  6 ironbrand convokers
  A necromancer (Depths:3)
  3 orc knights
  6 wolf spiders
  A phantasmal warrior (Vaults:5)
  6 orb spiders
  3 orc sorcerers
  11 ugly things
  3 deep elf magi
  2 manticores
  A fire giant zombie (Tomb:1)
  An elephant (shapeshifter) (Vaults:4)
  A faun (Shoals:1)
  5 large abominations
  2 merfolk sirens
  A cyclops (D:15)
  4 vault sentinels
  2 water nymphs
  A rust devil (Pan)
  11 black mambas
  A guardian serpent (Lair:6)
  A centaur skeleton (D:15)
  A smoke demon (Abyss:2)
  An orange demon (Pan)
  17 spiny frogs
  2 rime drakes
  4 komodo dragons
  2 freezing wraiths
  A polar bear (Lair:5)
  4 demonic crawlers
  A tengu conjurer (D:13)
  4 guardian mummies
  8 trolls
  8 jumping spiders
  10 merfolk
  3 wind drakes
  2 hornets
  A raiju (shapeshifter) (Vaults:4)
  10 hippogriffs
  15 slime creatures
  9 blink frogs
  3 snapping turtles
  An air elemental (Elf:1)
  3 flying skulls (Crypt:3)
  A satyr skeleton (Crypt:2)
  2 shadows
  An ice dragon skeleton (Tomb:2)
  33 redbacks
  13 tarantellas
  6 water elementals
  A human (D:13)
  3 basilisks
  11 wyverns
  23 yaks
  3 hungry ghosts
  3 wraiths
  A fire elemental (D:14)
  3 vampire mosquitoes
  16 wargs
  2 hell hounds (D:14)
  An acid dragon (D:12)
  15 water moccasins
  3 porcupines
  8 orc warriors
  A black bear (D:13)
  4 boggarts
  7 ogres
  3 wolves (Lair:4)
  2 centaurs
  4 crocodiles
  A big kobold (D:13)
  An earth elemental (Elf:2)
  5 bullfrogs
  A scorpion (Lair:1)
  2 killer bees (Depths:2)
  8 wights
  An electric eel (Lair:5)
  A howler monkey (D:14)
  3 crimson imps
  4 jellies
  A hound (D:10)
  7 orc priests
  9 orc wizards
  A bullfrog skeleton (D:12)
  5 hell rats (Lair:6)
  3 worker ants
  A hound skeleton (D:11)
  A mummy (Tomb:2)
  A steam dragon skeleton (Crypt:2)
  A white imp (Lair:4)
  8 orcs
  A kobold (D:13)
  A fungus (Lair:4)
  10 plants
  2 tentacles (Shoals:4)
544 creatures vanquished.

Vanquished Creatures (others)
  A lich (Tomb:2)
  A kraken (Abyss:4)
  An eldritch tentacle (Pan)
  2 orc warlords
  Urug (Spider:1)
  A deep elf elementalist (Elf:3)
  A deep elf death mage (Elf:3)
  A great orb of eyes (Depths:4)
  40 orc knights
  11 death scarabs
  8 orc high priests
  A tengu warrior (Depths:2)
  A gelid demonspawn (Pan)
  A skeletal warrior (Tomb:2)
  A torturous demonspawn (Pan)
  A necromancer (Depths:2)
  6 orc sorcerers
  A deep elf mage (Vaults:5)
  A salamander (shapeshifter) (Depths:1)
  A guardian mummy (Tomb:1)
  50 orc warriors
  A jumping spider (Spider:3)
  A hornet (Spider:3)
  A hydra skeleton (Tomb:2)
  A blink frog (shapeshifter) (Abyss:4)
  A spriggan (shapeshifter) (Vaults:4)
  A tarantella (Spider:4)
  A vampire (Abyss:4)
  47 orc priests
  34 orc wizards
  A mummy (Tomb:2)
  A white imp (Abyss:4)
  115 orcs
  10 fungi
  2 lurking horrors
  21 plants
  20 starspawn tentacles
  12 tentacles
402 creatures vanquished.

Grand Total: 3374 creatures vanquished

Notes
Turn   | Place    | Note
-------+----------+-------------------------------------------
     0 | D:1      | Sphara the Hill Orc Ice Elementalist began the quest for the Orb.
     0 | D:1      | Reached XP level 1. HP: 14/14 MP: 3/3
    91 | D:1      | Reached skill level 1 in Fighting
   179 | D:1      | Reached XP level 2. HP: 15/23 MP: 2/4
   271 | D:1      | Learned a level 2 spell: Throw Frost
   479 | D:1      | Reached skill level 2 in Fighting
   479 | D:1      | Reached XP level 3. HP: 14/30 MP: 1/5
  1386 | D:2      | Reached skill level 3 in Fighting
  1445 | D:2      | Reached XP level 4. HP: 38/38 MP: 2/6
  1990 | D:2      | Noticed Natasha
  2007 | D:2      | Killed Natasha
  2349 | D:2      | Reached XP level 5. HP: 46/46 MP: 6/8
  2457 | D:2      | Reached skill level 4 in Fighting
  2682 | D:2      | Found a hazy altar of Hepliaklqana.
  2686 | D:2      | Found a shattered altar of Ashenzari.
  2687 | D:2      | Found an ornate altar of the Wu Jian Council.
  2688 | D:2      | Found a radiant altar of Vehumet.
  2688 | D:2      | Found an iron altar of Okawaru.
  2688 | D:2      | Found a blossoming altar of Fedhas.
  2688 | D:2      | Found a snail-covered altar of Cheibriados.
  2692 | D:2      | Found a glowing golden altar of the Shining One.
  2693 | D:2      | Found a bloodstained altar of Trog.
  2779 | D:2      | Noticed Natasha
  3255 | D:3      | Reached skill level 1 in Maces & Flails
  3272 | D:3      | Learned a level 3 spell: Ozocubu's Armour
  3710 | D:4      | Reached XP level 6. HP: 49/52 MP: 5/9
  3727 | D:4      | Reached skill level 1 in Slings
  4092 | D:4      | Found a sparkling altar of Nemelex Xobeh.
  4128 | D:4      | Became a worshipper of Beogh the Brigand
  4204 | D:4      | Found a shadowy altar of Dithmenos.
  5414 | D:5      | Entered Level 5 of the Dungeon
  5431 | D:5      | Reached XP level 7. HP: 45/59 MP: 4/10
  6186 | D:5      | Noticed Ijyb
  6187 | D:5      | Found a burning altar of Makhleb.
  6203 | D:5      | Killed Ijyb
  6867 | D:5      | Found a staircase to the Ecumenical Temple.
  6933 | D:5      | Reached skill level 5 in Ice Magic
  7150 | D:5      | Reached * piety under Beogh
  7150 | D:5      | Reached XP level 8. HP: 66/66 MP: 11/11
  7215 | D:5      | Reached skill level 5 in Fighting
  7391 | D:6      | Noticed Prince Ribbit
  7397 | D:6      | Killed Prince Ribbit
  7397 | D:6      | Reached skill level 5 in Maces & Flails
  7456 | D:6      | Found a shadowy altar of Dithmenos.
  7460 | D:6      | Noticed Eustachio
  7481 | D:6      | Reached skill level 6 in Fighting
  7701 | D:5      | Killed Eustachio
  7785 | D:6      | Reached skill level 7 in Fighting
  7989 | D:6      | Reached skill level 1 in Armour
  7989 | D:6      | Reached XP level 9. HP: 57/79 MP: 4/12
  8070 | D:6      | Noticed Edmund
  8081 | D:6      | Noticed Blork the orc
  8564 | D:6      | Noticed Blork
  8564 | D:6      | Blork the orc changed into Blork the adder
  8572 | D:6      | Killed Blork the adder
  8638 | D:6      | Killed Edmund
  8638 | D:6      | Reached skill level 1 in Invocations
  8711 | D:6      | Noticed Duvessa
  8765 | D:6      | Killed Duvessa
  8765 | D:6      | Reached skill level 8 in Fighting
  8766 | D:6      | Noticed Dowan
  8772 | D:6      | Killed Dowan
  8989 | D:7      | Reached ** piety under Beogh
 10020 | D:7      | Reached skill level 9 in Fighting
 10226 | D:7      | Reached skill level 5 in Invocations
 10318 | D:7      | Reached XP level 10. HP: 60/91 MP: 1/13
 11551 | D:8      | Reached skill level 1 in Evocations
 11650 | D:8      | Noticed a two-headed ogre
 11736 | D:8      | Noticed a two-headed ogre
 11755 | D:8      | Killed a two-headed ogre
 11755 | D:8      | Reached skill level 10 in Fighting
 11821 | D:8      | Got a brightly glowing shortbow
 11838 | D:8      | Identified the +3 shortbow "Demonbane" {speed, +Fly rPois} (You found it on level 8 of the Dungeon)
 12131 | D:9      | Noticed a two-headed ogre
 12358 | D:8      | Learned a level 4 spell: Summon Ice Beast
 12568 | D:8      | Killed a two-headed ogre
 12785 | D:9      | Reached skill level 10 in Maces & Flails
 12852 | D:9      | Found a staircase to the Orcish Mines.
 12876 | D:9      | Found a radiant altar of Vehumet.
 13034 | D:9      | Reached *** piety under Beogh
 13152 | D:9      | Reached skill level 11 in Fighting
 13152 | D:9      | Reached XP level 11. HP: 97/102 MP: 15/15
 13370 | D:9      | Noticed a two-headed ogre
 13391 | D:9      | Killed a two-headed ogre
 13391 | D:9      | Reached skill level 5 in Evocations
 13585 | D:9      | Killed a two-headed ogre
 13910 | D:10     | Entered Level 10 of the Dungeon
 14118 | D:10     | Noticed a two-headed ogre
 14212 | D:10     | Noticed a two-headed ogre
 14213 | D:10     | ## NEVER ENOUGH 2-HEADED OGRES, HUH?
 14221 | D:10     | Killed a two-headed ogre
 14500 | D:10     | Reached skill level 12 in Fighting
 14558 | D:10     | Reached **** piety under Beogh
 14655 | D:10     | Found a portal to a secret trove of treasure.
 14662 | D:10     | ## EEZY TROVE
 14884 | D:10     | Killed a two-headed ogre
 14975 | D:10     | Found a sacrificial altar of Ru.
 15295 | D:11     | Noticed a two-headed ogre
 15309 | D:11     | Reached skill level 1 in Shields
 15326 | D:11     | Killed a two-headed ogre
 15535 | D:11     | Reached XP level 12. HP: 81/113 MP: 17/17
 15988 | D:11     | Noticed a six-headed hydra
 16085 | D:11     | Noticed Urug
 16115 | D:11     | HP: 4/113 [hippogriff (7)]
 16795 | D:11     | Noticed an anaconda
 16795 | D:11     | a wizard changed into an anaconda
 16800 | D:11     | Found Naesiur's Armour Boutique.
 17229 | D:11     | Found a stormy altar of Qazlal.
 17251 | D:11     | Reached ***** piety under Beogh
 17282 | D:11     | Killed a six-headed hydra
 17426 | D:11     | Found a staircase to the Lair.
 17433 | Lair:1   | Entered Level 1 of the Lair of Beasts
 18028 | Lair:1   | Reached skill level 13 in Fighting
 18547 | Lair:2   | Found a labyrinth entrance.
 18585 | Lab      | Entered a labyrinth
 18694 | Lab      | Noticed a minotaur
 18705 | Lab      | Killed a minotaur
 18708 | Lab      | Got a twisted scimitar {venom}
 18766 | Lab      | Identified the +6 scimitar "Zoadop" {venom, rElec rN+} (You took it off a minotaur in a labyrinth)
 18986 | Lair:2   | Gained Ogrik as an ally
 19408 | Lair:2   | Found a hole to the Spider Nest.
 20205 | Lair:3   | Got a pitted hand axe
 20206 | Lair:3   | Identified the +0 hand axe of Valiance {chop, rC+ Dex+2} (You found it on level 3 of the Lair of Beasts)
 20611 | Lair:4   | Reached XP level 13. HP: 113/123 MP: 19/19
 20639 | Lair:4   | Reached skill level 14 in Fighting
 20839 | Lair:4   | Found a staircase to the Shoals.
 21214 | Lair:4   | Noticed an ice dragon
 21244 | Lair:4   | Killed an ice dragon
 21244 | Lair:4   | Reached skill level 5 in Spellcasting
 21283 | Lair:4   | Identified the amulet of the Barnacle {Spirit Str+2} (You found it on level 4 of the Lair of Beasts)
 22671 | Lair:6   | Entered Level 6 of the Lair of Beasts
 22678 | Lair:6   | Reached ****** piety under Beogh
 22692 | Lair:6   | Reached skill level 15 in Fighting
 23077 | Lair:6   | Reached skill level 10 in Invocations
 23725 | Lair:6   | Reached XP level 14. HP: 63/135 MP: 21/24
 24449 | Lair:6   | Found a staircase to the Slime Pits.
 24742 | D:11     | Noticed Harold
 24757 | D:11     | Killed Harold
 25409 | D:12     | Identified the Disquisition on Enchanting Evil
 25461 | D:12     | Reached skill level 16 in Fighting
 25469 | D:12     | Found Ynuets's Book Shoppe.
 25481 | D:12     | ## Dägä dägä!
 26088 | D:12     | Learned a level 2 spell: Song of Slaying
 26092 | D:12     | Learned a level 3 spell: Regeneration
 26096 | D:12     | Learned a level 3 spell: Spectral Weapon
 26415 | Orc:1    | Entered Level 1 of the Orcish Mines
 26415 | Orc:1    | Found a roughly hewn altar of Beogh.
 26415 | Orc:1    | Noticed Snorg
 26425 | Orc:1    | Killed Snorg
 26867 | D:11     | Bought +0 pearl dragon scales for 1500 gold pieces
 26950 | Orc:2    | Entered Level 2 of the Orcish Mines
 27300 | Orc:2    | Paralysed by an orc sorcerer for 2 turns
 27320 | Orc:2    | Found Nisuxt's Distillery.
 27328 | Orc:2    | Bought a potion of might for 68 gold pieces
 27426 | Orc:2    | Found Soarokka's Armour Shoppe.
 27426 | Orc:2    | Found Niaker's Antique Weapon Shop.
 27685 | Orc:2    | Found Zicyhoos's Assorted Antiques.
 27685 | Orc:2    | Found Huthrieg's Distillery.
 27698 | Orc:2    | Upgraded the game from 0.22-a0-855-g415d086bb8 to 0.22-a0-866-geee50340df
 27700 | Orc:2    | Bought a potion of lignification for 45 gold pieces
 27700 | Orc:2    | Bought a potion of ambrosia for 120 gold pieces
 27700 | Orc:2    | Bought a potion of might for 60 gold pieces
 27700 | Orc:2    | Bought a potion of curing for 45 gold pieces
 27920 | Orc:2    | Found a staircase to the Elven Halls.
 28094 | D:13     | Gained Hawl as an ally
 28313 | D:13     | Your ally Hawl died
 28425 | D:13     | Reached skill level 1 in Necromancy
 28427 | D:13     | Reached skill level 1 in Charms
 28490 | D:13     | Got a steaming golden ring
 28854 | D:13     | Gained Ortolf as an ally
 28932 | D:13     | Identified the ring "Danu Jimp" {Ice Str+3 Int+5} (You took it off a centaur on level 13 of the Dungeon)
 29007 | D:13     | Found a gate to the Vaults.
 29426 | D:14     | Noticed Josephine
 29429 | D:14     | Killed Josephine
 29435 | D:14     | Gained Morbeogh as an ally
 29692 | D:14     | Found Quek's Armour Shop.
 30149 | D:14     | Your ally Morbeogh died
 30156 | D:14     | Reached XP level 15. HP: 145/145 MP: 27/27
 30406 | D:14     | Reached skill level 5 in Armour
 30735 | D:14     | Noticed Azrael
 30743 | D:14     | Killed Azrael
 30801 | D:14     | Gained Olfrun as an ally
 31440 | D:15     | Entered Level 15 of the Dungeon
 31455 | D:15     | Your ally Ortolf died
 31457 | D:15     | Reached skill level 1 in Axes
 31513 | D:15     | Gained Bogward as an ally
 31626 | D:15     | Found Cuxikh's Distillery.
 31634 | D:15     | Bought 2 potions of heal wounds for 150 gold pieces
 31634 | D:15     | Bought a potion of heal wounds for 75 gold pieces
 31668 | D:15     | Gained Wulfoc as an ally
 32038 | D:15     | Reached skill level 5 in Necromancy
 32258 | D:15     | Gained Boldo as an ally
 32399 | D:15     | Your ally Wulfoc died
 32403 | D:15     | Reached skill level 5 in Charms
 32471 | D:15     | Reached skill level 5 in Axes
 32845 | Spider:1 | Entered Level 1 of the Spider Nest
 32851 | Spider:1 | Gained Thorok as an ally
 32853 | Spider:1 | Your ally died
 32929 | Spider:1 | Your ally Thorok died
 32936 | Spider:1 | Your ally Olfrun died
 33278 | Spider:1 | Noticed an emperor scorpion
 33287 | Spider:1 | Killed an emperor scorpion
 33789 | Spider:2 | Gained Bogwald as an ally
 33791 | Spider:2 | Your ally Bogwald died
 33794 | Spider:2 | Your ally Boldo died
 33812 | Spider:2 | Your ally Bogward died
 34046 | Spider:1 | Killed a ghost moth
 34273 | Shoals:1 | Entered Level 1 of the Shoals
 34426 | Shoals:1 | Reached skill level 10 in Axes
 34427 | Shoals:1 | Reached XP level 16. HP: 62/154 MP: 28/28
 34950 | D:12     | Bought a book of Unlife for 845 gold pieces
 34956 | D:12     | Learned a level 5 spell: Borgnjor's Vile Clutch
 35123 | Spider:2 | Noticed Jorgrun
 35148 | Spider:2 | Reached skill level 1 in Earth Magic
 35149 | Spider:2 | Killed Jorgrun
 35200 | Spider:2 | Got a fine silver amulet
 35228 | Spider:2 | Gained Boderik as an ally
 35333 | Spider:2 | Identified the amulet "Doleirr" {Spirit -Tele rElec rPois Dex+4} (You found it on level 2 of the Spider Nest)
 35587 | Spider:3 | Noticed Asterion
 35683 | Spider:3 | Noticed Louise
 35798 | Spider:3 | Found a runed gate.
 35799 | Spider:3 | Found a runed gate.
 35800 | Spider:3 | Found a runed gate.
 35802 | Spider:3 | Noticed Otuihi's ghost (adept MiBe)
 35890 | Spider:3 | Killed Louise
 35893 | Spider:3 | Your ally Boderik died
 36004 | Spider:3 | Noticed Arachne
 36113 | Spider:3 | Killed Asterion
 36215 | Spider:4 | Entered Level 4 of the Spider Nest
 36465 | Spider:3 | Killed Arachne
 36465 | Spider:3 | Reached skill level 5 in Earth Magic
 36924 | Spider:3 | Gained Garbold as an ally
 36924 | Spider:3 | Gained Morguth as an ally
 37089 | Spider:3 | Gained Olfik as an ally
 37318 | Spider:4 | Your ally Olfik died
 37367 | Spider:4 | Your ally Garbold died
 37909 | Spider:4 | Your ally Morguth died
 39262 | Spider:4 | Gained Arkwar as an ally
 39330 | Spider:4 | Your ally Arkwar died
 40116 | Spider:4 | Gained Bogbrand as an ally
 40151 | Spider:4 | Your ally Bogbrand died
 40156 | Spider:4 | Reached XP level 17. HP: 129/160 MP: 14/29
 40644 | Spider:4 | Reached skill level 10 in Necromancy
 40736 | Spider:4 | Got a gossamer rune of Zot
 41308 | D:15     | Bought a potion of curing for 45 gold pieces
 41308 | D:15     | Bought a potion of curing for 45 gold pieces
 41308 | D:15     | Bought a potion of curing for 45 gold pieces
 41308 | D:15     | Bought a potion of might for 60 gold pieces
 41627 | Shoals:1 | You fall through a shaft!
 41627 | Shoals:2 | Found Deocwekh's Jewellery Shop.
 41709 | Shoals:2 | Found Gomy's Antique Weapon Boutique.
 42120 | Shoals:2 | Found Faeluukh's Jewellery Emporium.
 42214 | Shoals:2 | Found Orocuibla's Weapon Shoppe.
 42478 | Shoals:2 | Found Unepots's General Store.
 42959 | Shoals:3 | Gained Orkwin as an ally
 43187 | Shoals:3 | Gained Brunolf as an ally
 43538 | Shoals:4 | Entered Level 4 of the Shoals
 44393 | Shoals:4 | Noticed a kraken
 44412 | Shoals:4 | Reached skill level 10 in Earth Magic
 44486 | Shoals:4 | Killed a kraken
 44494 | Shoals:4 | Got a barnacled rune of Zot
 44663 | Shoals:4 | Found Ymmeh's Armour Emporium.
 44786 | Shoals:4 | Reached XP level 18. HP: 168/168 MP: 15/30
 44789 | Shoals:4 | Reached skill level 5 in Dodging
 44993 | Shoals:4 | Got a heavily runed glass ring
 44994 | Shoals:4 | Identified the ring of the Endless Expanse {rF+ rC- rN+ MR+ Stlth+} (You found it on level 4 of the Shoals)
 45397 | Elf:1    | Entered Level 1 of the Elven Halls
 45406 | Elf:1    | Found a runed gate.
 45408 | Elf:1    | Found a runed gate.
 45410 | Elf:1    | Found a runed gate.
 45412 | Elf:1    | Noticed Otrisyeh's ghost (adept DgGl)
 46096 | Elf:1    | Learned a level 6 spell: Statue Form
 46316 | Elf:1    | Reached skill level 1 in Transmutations
 46939 | Elf:2    | Found Iwomp's Book Boutique.
 46966 | Elf:2    | Gained mutation: You are frail. (-10% HP) [a neqoxec]
 47140 | Elf:1    | Lost mutation: You are frail. (-10% HP) [potion of mutation]
 47140 | Elf:1    | Gained mutation: You are somewhat resistant to further mutation. [potion of mutation]
 47140 | Elf:1    | Gained mutation: You have large cloven feet. [potion of mutation]
 48189 | Elf:2    | Gained Bolgrim as an ally
 48280 | Elf:2    | Your ally Bolgrim died
 48841 | Shoals:2 | Bought the ring "Zoanom" {rF+ MP+9 Int+2 Dex+2 SInv} for 952 gold pieces
 49251 | Elf:2    | Found a runed gate.
 49251 | Elf:2    | Found a runed gate.
 49251 | Elf:2    | Found a runed gate.
 49301 | Elf:3    | Entered Level 3 of the Elven Halls
 49573 | Elf:3    | Gained Morun as an ally
 49608 | Elf:3    | Found Dekh's Weapon Shoppe.
 49657 | Elf:3    | Reached skill level 5 in Transmutations
 49657 | Elf:3    | Your ally Morun died
 49935 | Elf:3    | Noticed a deep elf blademaster
 49947 | Elf:3    | Killed a deep elf blademaster
 50224 | Elf:3    | Noticed a deep elf master archer
 50234 | Elf:3    | Killed a deep elf master archer
 50234 | Elf:3    | Reached XP level 19. HP: 168/174 MP: 31/31
 50575 | Elf:3    | Gained Arbeogh as an ally
 50579 | Elf:3    | Your ally Arbeogh died
 50591 | Elf:3    | Gained Arbolt as an ally
 50684 | Elf:3    | Your ally Arbolt died
 50744 | Elf:3    | Gained Morbeogh as an ally
 50802 | Elf:3    | Your ally Morbeogh died
 51286 | Elf:3    | Got a slimy marble ring
 51431 | Elf:3    | Noticed a Brimstone Fiend
 51618 | Elf:3    | Identified the ring "Huowan" {rN+ Int+4} (You took it off a deep elf mage on level 3 of the Elven Halls)
 51728 | Elf:3    | Reached skill level 15 in Invocations
 51732 | Elf:3    | Got a faintly glowing sapphire amulet
 51737 | Elf:3    | Identified the amulet "Nufiklon" {RegenMP rF+ MR+ Int+4 SInv} (You took it off a deep elf elementalist on level 3 of the Elven Halls)
 51849 | Elf:3    | Got jewelled ice dragon scales
 51888 | Elf:3    | Identified the Almanac of Conjuration
 52132 | Elf:3    | Identified the +4 ice dragon scales "Unoraw" {rF- rC++ MP+9} (You took it off a deep elf high priest on level 3 of the Elven Halls)
 52367 | Vaults:1 | Entered Level 1 of the Vaults
 53443 | Elf:2    | Bought a book of Spatial Translocations for 975 gold pieces
 53449 | Elf:2    | Learned a level 2 spell: Blink
 53453 | Elf:2    | Learned a level 3 spell: Lesser Beckoning
 53458 | Elf:2    | Learned a level 4 spell: Passage of Golubria
 53757 | Vaults:1 | Gained Bogwik as an ally
 53771 | Vaults:1 | Reached skill level 1 in Translocations
 54169 | Vaults:1 | Your ally Bogwik died
 54178 | Vaults:1 | Reached XP level 20. HP: 79/183 MP: 32/32
 54840 | Vaults:2 | Gained Ogrik as an ally
 54905 | Vaults:2 | Gained Orkrul as an ally
 54928 | Vaults:2 | Your ally Orkrul died
 55296 | Vaults:2 | Gained Boruk as an ally
 55971 | Vaults:2 | Identified a scroll of acquirement
 56048 | Vaults:2 | Found a staircase to the Crypt.
 56129 | Vaults:2 | Gained Beowulf as an ally
 56257 | Vaults:2 | Reached skill level 15 in Maces & Flails
 56836 | Vaults:3 | Found Zuokh's Assorted Antiques.
 56963 | Vaults:3 | Reached skill level 5 in Translocations
 57705 | Vaults:3 | Gained Orbeogh as an ally
 58497 | Vaults:4 | Reached skill level 10 in Spellcasting
 58659 | Vaults:4 | Reached XP level 21. HP: 158/190 MP: 35/35
 60150 | D:15     | Found a staircase to the Depths.
 60232 | Depths:1 | Entered Level 1 of the Depths
 60894 | Depths:1 | Noticed Aizul
 60921 | Depths:1 | Killed Aizul
 61593 | Depths:1 | Reached skill level 17 in Fighting
 61666 | Depths:1 | Found a gateway to Hell.
 63157 | Depths:2 | Found a runed door.
 63209 | Depths:2 | Reached XP level 22. HP: 171/201 MP: 36/36
 63220 | Depths:2 | Gained Zorug as an ally
 63232 | Depths:2 | Your ally Zorug died
 63666 | Depths:2 | Reached skill level 18 in Fighting
 63792 | Depths:2 | Gained Orbeogh as an ally
 63800 | Depths:2 | Identified the +10 ring mail of Rationality {rCorr Str-3 Int+4 Stlth+} (You took it off a tengu warrior on level 2 of the Depths)
 64040 | Depths:2 | Noticed a juggernaut
 64057 | Depths:2 | Killed a juggernaut
 64711 | Depths:2 | Noticed a golden dragon
 64711 | Depths:2 | Noticed Sojobo
 64712 | Depths:2 | Noticed a golden dragon
 64849 | Depths:2 | Killed Sojobo
 64859 | Depths:2 | Your ally Orbeogh died
 64960 | Depths:2 | Paralysed by a floating eye for 4 turns
 65145 | Depths:2 | Killed a golden dragon
 65272 | Depths:2 | Found a one-way gate leading to the halls of Pandemonium.
 65272 | Depths:2 | Noticed a golden dragon
 65291 | Depths:2 | Killed a golden dragon
 65291 | Depths:2 | Reached skill level 19 in Fighting
 65295 | Depths:2 | Killed a golden dragon
 65421 | Depths:2 | Found a one-way gate to the infinite horrors of the Abyss.
 65438 | Depths:2 | Identified the Almanac of the Volcanoes
 65977 | Hell     | Entered the Vestibule of Hell
 65977 | Hell     | Noticed Geryon
 65993 | Hell     | Your ally Orbeogh died
 66015 | Hell     | Found a gateway to the freezing wastes of Cocytus.
 66501 | Depths:3 | Reached skill level 10 in Dodging
 66781 | Depths:3 | Found a gateway to a ziggurat.
 67014 | Depths:3 | Reached XP level 23. HP: 103/214 MP: 37/37
 67053 | Depths:3 | Cast into level 2 of the Abyss (hell knight)
 67539 | Abyss:2  | Gained Borgoth as an ally
 67542 | Depths:3 | Escaped the Abyss
 67570 | Depths:3 | Your ally Borgoth died
 67598 | Depths:3 | Cast into level 2 of the Abyss (hell knight)
 67678 | Abyss:2  | Gained Ugrim as an ally
 67689 | Abyss:2  | Your ally Ugrim died
 67732 | Abyss:2  | Reached skill level 5 in Stealth
 67764 | Depths:3 | Escaped the Abyss
 68792 | Depths:3 | Noticed a golden dragon
 68800 | Depths:3 | Killed a golden dragon
 68801 | Depths:3 | Noticed a caustic shrike
 68807 | Depths:3 | Killed a caustic shrike
 69370 | Depths:4 | Noticed a juggernaut
 69402 | Depths:4 | Killed a juggernaut
 69898 | Depths:4 | Identified the -5 helmet "Bysezot" {Str+4} (You found it on level 4 of the Depths)
 70387 | Depths:4 | Noticed a golden dragon
 70398 | Depths:4 | Killed a golden dragon
 70478 | Depths:4 | Reached XP level 24. HP: 222/222 MP: 37/37
 70536 | Depths:4 | Gained Gorm as an ally
 70973 | Depths:5 | Entered Level 5 of the Depths
 71020 | Depths:5 | Your ally Gorm died
 71618 | Depths:5 | Found a gate to the Realm of Zot.
 71634 | Depths:5 | Reached skill level 15 in Earth Magic
 72317 | Depths:2 | Your ally Beowulf died
 72324 | Depths:2 | Your ally Ogrik died
 72591 | Vaults:5 | Entered Level 5 of the Vaults
 72598 | Vaults:5 | Noticed an ancient lich
 72670 | Vaults:5 | Gained Olfik as an ally
 72694 | Vaults:5 | Your ally Olfik died
 73004 | Vaults:5 | Killed an ancient lich
 73042 | Vaults:5 | Identified the ring of Lomug {rC+ Stlth-} (You took it off an ironbrand convoker on level 5 of the Vaults)
 73061 | Vaults:5 | Gained Koronagh as an ally
 73101 | Vaults:5 | Reached XP level 25. HP: 204/229 MP: 38/38
 73125 | Vaults:5 | Gained Harm as an ally
 73270 | Vaults:5 | Noticed an ancient lich
 73274 | Vaults:5 | Killed an ancient lich
 73274 | Vaults:5 | Gained Brandogh as an ally
 73286 | Vaults:5 | Gained Zorug as an ally
 73293 | Vaults:5 | Your ally Zorug died
 73299 | Vaults:5 | Your ally Harm died
 73483 | Vaults:5 | Your ally Brandogh died
 73485 | Vaults:5 | Your ally Koronagh died
 73515 | Vaults:5 | Reached skill level 20 in Fighting
 73626 | Vaults:5 | Gained Blodwig as an ally
 73626 | Vaults:5 | Gained Boghold as an ally
 73642 | Vaults:5 | Your ally Boghold died
 73647 | Vaults:5 | Your ally Blodwig died
 74177 | Vaults:5 | Found Mujo's Distillery.
 74177 | Vaults:5 | Found Nintocyr's Magic Scroll Shop.
 74184 | Vaults:5 | Bought a scroll of immolation for 56 gold pieces
 74184 | Vaults:5 | Bought a scroll of teleportation for 48 gold pieces
 74184 | Vaults:5 | Bought a scroll of holy word for 120 gold pieces
 74190 | Vaults:5 | Found Mogiupul's Food Boutique.
 74234 | Vaults:5 | Got a silver rune of Zot
 74299 | Vaults:5 | Bought a potion of might for 76 gold pieces
 74299 | Vaults:5 | Bought 2 potions of mutation for 304 gold pieces
 74299 | Vaults:5 | Bought a potion of agility for 76 gold pieces
 74299 | Vaults:5 | Bought a potion of curing for 57 gold pieces
 74299 | Vaults:5 | Bought a potion of curing for 57 gold pieces
 74299 | Vaults:5 | Bought a potion of agility for 76 gold pieces
 74299 | Vaults:5 | Bought a potion of curing for 57 gold pieces
 74604 | Vaults:5 | Gained Bogdar as an ally
 74604 | Vaults:5 | Gained Bogwik as an ally
 74788 | Crypt:1  | Entered Level 1 of the Crypt
 74883 | Crypt:1  | Your ally Bogwik died
 75391 | Crypt:1  | Found a runed door.
 75391 | Crypt:1  | Noticed an ancient lich
 75391 | Crypt:1  | Noticed Nuatecoo's ghost (veteran GrFi)
 75400 | Crypt:1  | Learned a level 5 spell: Dispel Undead
 75408 | Crypt:1  | Killed an ancient lich
 75415 | Crypt:1  | Killed Nuatecoo's ghost
 75415 | Crypt:1  | Reached XP level 26. HP: 198/242 MP: 16/38
 75458 | Crypt:1  | Reached skill level 21 in Fighting
 75461 | Crypt:1  | Gained Ortolf as an ally
 75475 | Crypt:1  | Gained Zartorak as an ally
 75535 | Crypt:1  | Your ally Zartorak died
 76160 | Crypt:2  | Reached skill level 15 in Axes
 76199 | Crypt:2  | Your ally Ortolf died
 76200 | Crypt:2  | Gained Bogdar as an ally
 76204 | Crypt:2  | Your ally Bogdar died
 76263 | Crypt:2  | Gained Orkrul as an ally
 76459 | Crypt:2  | Learned a level 5 spell: Lee's Rapid Deconstruction
 76559 | Crypt:2  | Learned a level 2 spell: Passwall
 76604 | Crypt:3  | Entered Level 3 of the Crypt
 76677 | Crypt:3  | Your ally Orkrul died
 77086 | Crypt:3  | Found an ancient bone altar of Kikubaaqudgha.
 77138 | Crypt:3  | Gained Bogrim as an ally
 77565 | Crypt:3  | Reached skill level 22 in Fighting
 77644 | Crypt:3  | Noticed Saint Roka
 77656 | Crypt:3  | Killed Saint Roka
 77674 | Crypt:3  | Gained Brandogh as an ally
 77692 | Crypt:3  | Your ally Brandogh died
 77741 | Crypt:3  | Your ally Bogrim died
 77865 | Crypt:3  | Gained Morguth as an ally
 77889 | Crypt:3  | Identified the ring of Lollus {+Inv MR+ MP+9 Str+4 Dex+5} (You found it on level 3 of the Crypt)
 77891 | Crypt:3  | Identified Koogaoh's Compendium of Darkness
 77922 | Crypt:3  | Noticed Jory
 77931 | Crypt:3  | Killed Jory
 77959 | Crypt:3  | Found a staircase to the Tomb.
 77973 | Crypt:3  | Identified the amulet "Hynoargh" {+Fly Regen+ Int+4 Slay+2 Stlth+} (You found it on level 3 of the Crypt)
 78567 | Depths:2 | Your ally Orkwin died
 78632 | Depths:2 | Your ally Bogdar died
 78741 | Hell     | Gained mutation: Your magical capacity is low. (-10% MP) [a cacodemon]
 79148 | Hell     | Killed Geryon
 79148 | Hell     | Reached XP level 27. HP: 256/256 MP: 34/34
 79166 | Hell     | Reached skill level 23 in Fighting
 79502 | D:10     | You paid a toll of the horn of Geryon to enter a treasure trove
 79503 | Trove    | Entered a treasure trove
 79506 | Trove    | Found the +3 warlock's mirror {reflect}
 79567 | Trove    | Got a steaming buckler
 79568 | Trove    | Identified the +0 buckler "Gubaxosu" {rPois rC+ Int+3} (You found it in a treasure trove)
 79570 | Trove    | Got a heavily runed leather armour
 79581 | Trove    | Identified the cursed +0 leather armour of Beyz {rF+ rC+ Str-3 Int+2 Dex+3} (You found it in a treasure trove)
 79590 | Trove    | Got a twisted hat
 79629 | Trove    | Got a pair of warped gloves
 79650 | Trove    | Identified the +2 hat "Qasicuci" {rElec rF+ rC+ Slay+5} (You found it in a treasure trove)
 79663 | Trove    | Identified the +2 pair of gloves "Osizxulo" {-Tele rF+++ rCorr MP+9} (You found it in a treasure trove)
 79893 | Slime:1  | Entered Level 1 of the Pits of Slime
 79974 | Slime:3  | Gained Borgoth as an ally
 80003 | Slime:3  | Your ally Borgoth died
 80030 | Slime:3  | Gained Okrist as an ally
 80030 | Slime:3  | Gained Bogbrand as an ally
 80158 | Slime:4  | Your ally Bogbrand died
 80162 | Slime:4  | Gained Arbolt as an ally
 80164 | Slime:4  | Your ally Okrist died
 80179 | Slime:4  | Your ally Arbolt died
 80204 | Slime:5  | Entered Level 5 of the Pits of Slime
 80258 | Slime:4  | Learned a level 1 spell: Summon Butterflies
 80269 | Slime:5  | Gained mutation: Your body sometimes deteriorates upon taking damage. [a shining eye]
 80335 | Slime:5  | Found a viscous altar of Jiyva.
 80338 | Slime:5  | Noticed the Royal Jelly
 80349 | Slime:5  | Killed the Royal Jelly
 80384 | Slime:5  | Found the +7 lajatang of Order {silver, rMut}
 80403 | Slime:5  | Got a fine lead ring
 80404 | Slime:5  | Identified the ring "Mueck" {rN+ Slay+5} (You found it on level 5 of the Pits of Slime)
 80430 | Slime:5  | Identified the +0 pair of boots of the Hall of Blades {+Inv rElec Regen+ Str-4} (You found it on level 5 of the Pits of Slime)
 80436 | Slime:5  | Learned a level 1 spell: Apportation
 80454 | Slime:5  | Got a slimy rune of Zot
 80457 | Slime:5  | Identified Fuacwymu's Sophisticated Spellcraft
 80485 | Slime:5  | Identified Nacopt's Volume of Feathers
 80494 | Slime:5  | Identified Idihipn's Reference Book on Burning Darkness
 80868 | Slime:3  | You fall through a shaft!
 81109 | Slime:1  | Gained mutation: Potions are less effective at restoring your health. [a shining eye]
 81146 | Lair:6   | Lost mutation: You are somewhat resistant to further mutation. [potion of mutation]
 81146 | Lair:6   | Lost mutation: Your body sometimes deteriorates upon taking damage. [potion of mutation]
 81146 | Lair:6   | Lost mutation: Your magical capacity is low. (-10% MP) [potion of mutation]
 81146 | Lair:6   | Lost mutation: Potions are less effective at restoring your health. [potion of mutation]
 81146 | Lair:6   | Gained mutation: Your spells are a little harder to cast, but a little more powerful. [potion of mutation]
 81146 | Lair:6   | Lost mutation: Your spells are a little harder to cast, but a little more powerful. [potion of mutation]
 81146 | Lair:6   | Gained mutation: You have hoof-like feet. [potion of mutation]
 81561 | Tomb:1   | Entered Level 1 of the Tomb of the Ancients
 81643 | Tomb:1   | Reached skill level 1 in Summonings
 81651 | Tomb:1   | Gained Learuk as an ally
 81865 | Tomb:1   | Your ally Learuk died
 81868 | Tomb:1   | MOTHERFUCKER
 81878 | Tomb:1   | Your ally Ogrik died
 81895 | Tomb:1   | Your ally Brunolf died
 81934 | Tomb:1   | Gained Herok as an ally
 81964 | Tomb:1   | Noticed an ancient lich
 81968 | Tomb:1   | Your ally Boruk died
 81969 | Tomb:1   | Killed an ancient lich
 81972 | Tomb:1   | Your ally Herok died
 81976 | Tomb:1   | Your ally Morguth died
 81987 | Tomb:1   | Noticed a greater mummy
 81993 | Tomb:1   | Killed a greater mummy
 82532 | Tomb:2   | Noticed Frederick
 82535 | Tomb:2   | Noticed a greater mummy
 82614 | Tomb:2   | Noticed a greater mummy
 82621 | Tomb:2   | Killed a greater mummy
 82621 | Tomb:2   | Reached skill level 5 in Summonings
 82624 | Tomb:2   | Reached skill level 10 in Translocations
 82655 | Tomb:2   | Killed a greater mummy
 82806 | Tomb:2   | Noticed a greater mummy
 82817 | Tomb:2   | Killed a greater mummy
 82825 | Tomb:2   | Gained Morguth as an ally
 82948 | Tomb:2   | Noticed a greater mummy
 82956 | Tomb:2   | Killed a greater mummy
 82959 | Tomb:2   | Killed Frederick
 82966 | Tomb:2   | Your ally Morguth died
 83179 | Tomb:1   | Noticed a greater mummy
 83185 | Tomb:1   | Killed a greater mummy
 83285 | Tomb:1   | Noticed a greater mummy
 83292 | Tomb:1   | Killed a greater mummy
 83302 | Tomb:1   | Noticed a greater mummy
 83322 | Tomb:1   | Killed a greater mummy
 83422 | Tomb:1   | Noticed a greater mummy
 83435 | Tomb:1   | Killed a greater mummy
 83620 | Tomb:1   | Noticed a greater mummy
 83633 | Tomb:1   | Killed a greater mummy
 83663 | Tomb:1   | Noticed a greater mummy
 83666 | Tomb:1   | Noticed a greater mummy
 83670 | Tomb:1   | Noticed a greater mummy
 83671 | Tomb:1   | Killed a greater mummy
 84064 | Tomb:1   | Learned a level 5 spell: Aura of Abjuration
 84173 | Tomb:1   | Killed a greater mummy
 84245 | Tomb:1   | Killed a greater mummy
 84245 | Tomb:1   | Noticed a greater mummy
 84253 | Tomb:1   | Killed a greater mummy
 84678 | Tomb:3   | Entered Level 3 of the Tomb of the Ancients
 84712 | Tomb:3   | Noticed a greater mummy
 84717 | Tomb:3   | Reached skill level 10 in Summonings
 84999 | Tomb:3   | Noticed an ancient lich
 85001 | Tomb:3   | Noticed a greater mummy
 85014 | Tomb:3   | Killed an ancient lich
 85349 | Tomb:3   | Noticed a greater mummy
 85350 | Tomb:3   | Noticed a greater mummy
 85351 | Tomb:3   | Noticed a greater mummy
 85356 | Tomb:3   | Noticed a greater mummy
 85359 | Tomb:3   | Noticed a greater mummy
 85360 | Tomb:3   | Noticed an ancient lich
 85762 | Tomb:3   | Killed a greater mummy
 85770 | Tomb:3   | Got a golden rune of Zot
 85953 | Tomb:3   | Killed a greater mummy
 85963 | Tomb:3   | Killed a greater mummy
 85981 | Tomb:3   | Killed a greater mummy
 86084 | Tomb:3   | Killed a greater mummy
 86187 | Tomb:3   | Killed a greater mummy
 86357 | Tomb:3   | Identified the cursed +0 hat of Pelasaed {rN+ Regen+ Int+3 Dex-5} (You found it on level 3 of the Tomb of the Ancients)
 86373 | Tomb:3   | Identified the amulet of Becwutiv {Acrobat MR+} (You found it on level 3 of the Tomb of the Ancients)
 86424 | Tomb:3   | Identified the +1 robe of Muttered Phrases {Str+3} (You found it on level 3 of the Tomb of the Ancients)
 86915 | D:12     | Learned a level 7 spell: Malign Gateway
 87139 | Depths:2 | Voluntarily entered the Abyss.
 87143 | Abyss:1  | Found a corrupted altar of Lugonu.
 87276 | Abyss:2  | Found a shattered altar of Ashenzari.
 87288 | Abyss:2  | Reached skill level 15 in Spellcasting
 87541 | Abyss:2  | Gained Jorge as an ally
 87541 | Abyss:2  | Gained Beowulf as an ally
 87560 | Abyss:2  | Your ally Jorge died
 87581 | Abyss:2  | Your ally Beowulf died
 87702 | Abyss:2  | Gained Borgoth as an ally
 87756 | Abyss:2  | Your ally Borgoth died
 87767 | Abyss:2  | Noticed an ancient lich
 87786 | Abyss:2  | Found a corrupted altar of Lugonu.
 87933 | Abyss:3  | Found a corrupted altar of Lugonu.
 88356 | Abyss:3  | Paralysed by accursed screaming for 1 turns
 88461 | Abyss:3  | Found an iron altar of Okawaru.
 88497 | Abyss:3  | Gained Garbold as an ally
 88512 | Abyss:3  | Gained mutation: You tend to lose your temper in combat. [a neqoxec]
 88524 | Abyss:3  | Lost mutation: You have hoof-like feet. [potion of mutation]
 88524 | Abyss:3  | Lost mutation: You have large cloven feet. [potion of mutation]
 88524 | Abyss:3  | Gained mutation: You have large cloven feet. [potion of mutation]
 88524 | Abyss:3  | Gained mutation: You can translocate small distances at will. [potion of mutation]
 88524 | Abyss:3  | Gained mutation: You have a pair of small horns on your head. [potion of mutation]
 88524 | Abyss:3  | Gained mutation: You are agile. (Dex +2) [potion of mutation]
 88525 | Abyss:3  | Lost mutation: You have a pair of small horns on your head. [potion of mutation]
 88525 | Abyss:3  | Lost mutation: You have large cloven feet. [potion of mutation]
 88525 | Abyss:3  | Lost mutation: You are agile. (Dex +2) [potion of mutation]
 88525 | Abyss:3  | Lost mutation: You tend to lose your temper in combat. [potion of mutation]
 88525 | Abyss:3  | Gained mutation: You are resistant to electric shocks. (rElec) [potion of mutation]
 88564 | Abyss:3  | Your ally Garbold died
 88706 | Abyss:4  | Paralysed by you for 5 turns
 88835 | Abyss:4  | Gained Borgoth as an ally
 88864 | Abyss:4  | Your ally Borgoth died
 88868 | Abyss:4  | Got an abyssal rune of Zot
 88911 | Depths:2 | Escaped the Abyss
 89026 | Pan      | Entered Pandemonium
 89043 | Pan      | Reached skill level 1 in Throwing
 89151 | Pan      | Noticed Vinoc the pandemonium lord
 89159 | Pan      | Killed Vinoc the pandemonium lord
 89183 | Pan      | Noticed Ucvoycok the pandemonium lord
 89775 | Pan      | Noticed Fomap the pandemonium lord
 89778 | Pan      | Reached skill level 5 in Throwing
 89784 | Pan      | Killed Fomap the pandemonium lord
 89808 | Pan      | HP: 2/335 [torturous warmonger/demon trident of electrocution (18)]
 89809 | Pan      | Killed from afar by a deep elf sorcerer

Vault maps used:
D:1:      lightli_molten_gateway
D:2:      minitemple, uniq_natasha
D:3:      first_ration
D:4:      minmay_wonky_spiral, marbit_many_paths,
          nemelex_xobeh_ov_fountains_minmay
D:5:      minmay_temple_entry_hall, makhleb_blood_cavern_becter, uniq_ijyb
D:6:      nicolae_dithmenos_shadow_blocks, uniq_duvessa, uniq_eustachio,
          uniq_blork_the_orc, uniq_edmund, uniq_prince_ribbit1
D:9:      orc_0_dummy, basic_altar
D:10:     enter_trove_3, the_bakery, nicolae_ru_awakened_eye
D:11:     lair_entry_dummy, serial_shops, nicolae_shop_waterfront, basic_altar,
          sword_in_stone
D:12:     serial_shops, nicolae_shop_window_shopping
D:13:     lemuel_castle_with_subvaults, grunt_vaults_entry_fortified
D:14:     serial_shops, kennysheep_mini, nrook_mini_backslash, uniq_josephine,
          uniq_azrael
D:15:     gammafunk_enter_depths_forms, serial_shops, shop
Lair:2:   spider_nest_entry_webs, lab_entry_generic
Lair:3:   infiniplex_staircase_pool_2
Lair:4:   minmay_shoals_entry_hut, serial_bayou_pond_a, bobbens_ice_dragon_lair,
          minmay_lair_oklob_chamber
Lair:5:   minivault_26, serial_bayou_shore_a
Lair:6:   hangedman_lair_tendril_chambers, minmay_slime_entry_pillars,
          grunt_megastairs_2
Shoals:2: serial_shops, shop, shop, shop, nicolae_shop_trees, shop
Shoals:4: shoals_end_hangedman, serial_shops, nicolae_shop_statue_plus,
          hangedman_shoal_volcano
Spider:2: spider_trap, uniq_jorgrun
Spider:3: gammafunk_ghost_split, uniq_arachne, uniq_louise, uniq_asterion
Spider:4: grunt_spider_rune_parallel
Slime:1:  cheibrodos_slime_lost_civilization_4
Slime:3:  nicolae_slime_welcoming_committee
Orc:1:    basic_altar, uniq_snorg
Orc:2:    grunt_orc_tribal_feast, serial_shops, shop
Elf:1:    ebering_ghost_rock_garden, orc_legates, roderic_lattice_octagonal_star
Elf:2:    serial_shops, shop_fountains, uniq_nikola
Elf:3:    minmay_elf_hall_circle, serial_shops, shop
Vaults:1: v_misc_12, nicolae_vaults_rhombus_7, vaults_dpeg_doors, v_misc_22,
          nicolae_vaults_mini_display_case, vaults_room_corners,
          nicolae_vaults_little_squares_2, vaults_room_hangedman_quadrants,
          nicolae_vaults_alarming
Vaults:2: v_alt_pattern_2, v_misc_2, vaults_room_door_ring,
          hangedman_vaults_stretched_pinwheel, minmay_crypt_entry_vampire_xt,
          v_misc_13, v_misc_23, v_pattern_2, nicolae_vaults_hallways_thing,
          ontoclasm_vaults_idyll, v_alt_pattern_1, hangedman_vaults_trim,
          ontoclasm_vaults_loading_screen, nicolae_vaults_back_hallway,
          nicolae_vaults_diagonal_hallway_8, st_lattice, v_misc_3
Vaults:3: nicolae_vaults_windows_and_doors_thing, v_misc_19,
          nicolae_vaults_three_branches, hangedman_vaults_unwind, v_misc_10,
          ontoclasm_vaults_pinch, hangedman_vaults_cutoff, grunt_vaults_bifocal,
          v_misc_5, ontoclasm_vaults_twist, nicolae_vaults_theta,
          vaults_dpeg_encased_lava, serial_shops,
          nicolae_shop_overgrown_old_shop
Vaults:4: v_alt_pattern_6, grunt_vaults_trifunnel, hangedman_vaults_maws,
          vaults_room_large_hall, nicolae_vaults_little_squares_2, v_misc_28,
          hangedman_vaults_stretched_pinwheel, vaults_mumra_minichess_inversion,
          grunt_vaults_focal, v_pattern_4, v_misc_23, vaults_dpeg_ring,
          v_misc_15, vaults_room_pools
Crypt:1:  ebering_ghost_inner_flame, grunt_crypt_arrival_webbed
Crypt:3:  grunt_crypt_end_deaths_head, uniq_saint_roka
Tomb:2:   uniq_frederick
Depths:1: hell_entry, minmay_tree_intersection, serial_sigils,
          serial_sigils_hangedman_confine, serial_sigils_hangedman_leer,
          serial_sigils_hangedman_clutch, serial_sigils_hangedman_carve,
          serial_sigils_hangedman_scratch, serial_sigils_hangedman_shear,
          hangedman_glass_teeth, kennysheep_another_room, serial_bayou_shore_b,
          uniq_aizul
Depths:2: box_level_dp, pan_entry, abyss_entry, hell_entry, serial_shops,
          uniq_sojobo
Depths:3: minmay_two_paths, enter_ziggurat_d, pan_entry, hell_entry,
          abyss_entry, nicolae_lava_and_water, infiniplex_staircase_river,
          serial_bayou_shore_b, grunt_megastairs_4
Depths:4: minmay_connected_boxes_in_corner, kennysheep_decorative_pillar,
          pf_vacation_house_of_asmodeus, abyss_entry, spider_trap,
          serial_bayou_shore_b, infiniplex_staircase_trident
Depths:5: grunt_zot_entry_tricorne, hell_entry
Abyss:2:  minivault_22
Abyss:3:  hangedman_summoners_spam, minivault_26
Abyss:4:  evilmike_abyss_exit_8, eino_small_chamber_without_monster,
          evilmike_abyss_exit_12, grunt_abyss_rune_wretched_hive
Pan:      evilmike_mini_pan_layers, uniq_mennas_pan, pan_blood_fountain_small,
          evilmike_mini_pan_doors, evilmike_mini_pan_pillars,
          pan_blood_fountain_2, nicolae_pan_hourglass
Lab:      labyrinth_mini_lab, nicolae_lab_lava, nicolae_lab_quarters
Trove:    trove_armour_1

Skill      XL: |  1  2  3  4  5  6  7  8  9 10 11 12 13 14 15 16 17 18 19 20 21 22 23 24 25 26 27 |
---------------+----------------------------------------------------------------------------------+-----
Fighting       | 1 2 3 4 7 9 11 12 13 15 16 17 19 20 22 23 | 23.0
Ice Magic      | 3 4 5 |  5.1
Spellcasting   | 2 4 6 8 10 11 15 | 15.0
Maces & Flails | 1 2 4 6 8 10 11 12 13 14 15 17 18 | 18.9
Slings         | 2 3 |  3.3
Armour         | 1 4 5 |  5.2
Invocations    | 5 6 9 11 12 13 15 18 20 21 | 21.0
Evocations     | 4 6 |  6.8
Shields        | 2 4 |  4.3
Dodging        | 3 4 5 7 10 11 | 11.1
Necromancy     | 3 7 9 11 12 14 | 14.7
Charms         | 3 5 |  5.0
Axes           | 10 11 14 15 17 | 17.3
Earth Magic    | 7 10 12 14 16 | 16.2
Transmutations | 5 8 9 |  9.0
Translocations | 1 6 7 10 | 10.7
Stealth        | 6 |  6.0
Summonings     | 14 | 14.4
Throwing       | 5 |  5.5
Conjurations   | |  1.0

Action                   |  1- 3 |  4- 6 |  7- 9 | 10-12 | 13-15 | 16-18 | 19-21 | 22-24 | 25-27 || total
-------------------------+-------+-------+-------+-------+-------+-------+-------+-------+-------++-------
Melee: Unarmed           |    67 |       |       |       |       |       |       |       |       ||    67
       Club              |       |    30 |       |       |       |       |       |       |       ||    30
       Flail             |       |    26 |   198 |   613 |   720 |       |       |       |       ||  1557
       Battleaxe         |       |       |       |       |   220 |    50 |       |       |       ||   270
       Eveningstar       |       |       |       |       |       |  1019 |  1271 |  1214 |  1969 ||  5473
       Kick              |       |       |       |       |       |       |     8 |   136 |   490 ||   634
 Fire: Hunting sling     |       |   125 |    63 |   135 |       |       |       |       |       ||   323
       Blowgun           |       |       |       |       |     3 |       |       |       |       ||     3
Throw: Stone             |     4 |     7 |       |       |       |       |       |       |       ||    11
       Tomahawk          |       |     3 |    15 |    10 |       |       |       |       |       ||    28
       Javelin           |       |       |       |     1 |    30 |    44 |    11 |    15 |     9 ||   110
 Cast: Freeze            |    58 |    81 |   134 |   126 |    60 |       |       |       |       ||   459
       Throw Frost       |       |     2 |    13 |    22 |    26 |       |       |       |       ||    63
       Ozocubu's Armour  |       |       |     1 |    16 |     6 |       |       |       |       ||    23
       Regeneration      |       |       |       |       |     3 |     8 |    20 |    64 |   101 ||   196
       Borgnjor's Vile C |       |       |       |       |       |    84 |    86 |   135 |   141 ||   446
       Statue Form       |       |       |       |       |       |       |     1 |    23 |   114 ||   138
       Blink             |       |       |       |       |       |       |     1 |    11 |    21 ||    33
       Lesser Beckoning  |       |       |       |       |       |       |       |     3 |    37 ||    40
       Dispel Undead     |       |       |       |       |       |       |       |       |     5 ||     5
       Passwall          |       |       |       |       |       |       |       |       |    25 ||    25
       Summon Butterflie |       |       |       |       |       |       |       |       |    12 ||    12
       Apportation       |       |       |       |       |       |       |       |       |     6 ||     6
       Aura of Abjuratio |       |       |       |       |       |       |       |       |     5 ||     5
       Lee's Rapid Decon |       |       |       |       |       |       |       |       |     2 ||     2
       Passage of Golubr |       |       |       |       |       |       |       |       |     2 ||     2
       Song of Slaying   |       |       |       |       |       |       |       |       |     2 ||     2
       Malign Gateway    |       |       |       |       |       |       |       |       |     1 ||     1
Invok: Convert to Beogh  |       |     1 |       |       |       |       |       |       |       ||     1
       Smiting           |       |       |       |     6 |     7 |    14 |       |     1 |     2 ||    30
       Recall Orcish Fol |       |       |       |     4 |    17 |     1 |     2 |     5 |     2 ||    31
       Give Item to Name |       |       |       |     1 |       |     2 |     1 |       |       ||     4
       Resurrection      |       |       |       |       |       |       |       |       |     1 ||     1
Evoke: Wand              |       |       |     4 |    41 |    28 |    37 |     5 |     7 |    18 ||   140
       Box of beasts     |       |       |       |       |     2 |     1 |       |       |       ||     3
       Lamp of fire      |       |       |       |       |       |       |     1 |     2 |     1 ||     4
       Lightning rod     |       |       |       |       |       |       |     2 |       |     2 ||     4
       Fan of gales      |       |       |       |       |       |       |       |     1 |       ||     1
  Use: Scroll            |     1 |     8 |     9 |    17 |    10 |    17 |     7 |    14 |    39 ||   122
       Potion            |       |       |     3 |     5 |     4 |    10 |     4 |       |     9 ||    35
 Stab: Sleeping          |       |     4 |     4 |     1 |       |       |       |     1 |     7 ||    17
       Confused          |       |       |       |     2 |       |       |       |       |       ||     2
       Distracted        |       |       |       |     4 |     9 |     4 |     1 |    10 |    12 ||    40
       Paralysed         |       |       |       |       |       |     5 |     5 |     1 |     2 ||    13
  Eat: Chunk             |     3 |    14 |     7 |    26 |    36 |    54 |    56 |    43 |    16 ||   255
       Ration            |       |       |     3 |     4 |     3 |     6 |     1 |     3 |    25 ||    45
Armor: Robe              |    58 |    65 |   113 |       |       |       |       |       |       ||   236
       Leather armour    |       |       |    23 |   297 |   152 |       |       |       |       ||   472
       Pearl dragon scal |       |       |       |       |   497 |   833 |    48 |       |       ||  1378
       Troll leather arm |       |       |       |       |     2 |       |       |       |       ||     2
       Ice dragon scales |       |       |       |       |       |       |   454 |    75 |       ||   529
       Skin              |       |       |       |       |       |       |    20 |   280 |  1299 ||  1599
       Ring mail         |       |       |       |       |       |       |       |   368 |   131 ||   499
Dodge: Dodged            |    99 |   122 |   258 |   341 |   493 |   612 |   470 |   915 |  2365 ||  5675
Block: Buckler           |       |       |       |    32 |   150 |   287 |   210 |   266 |   784 ||  1729

Table legend:
 A = Spawn XP
 B = Non-spawn XP
 C = Spawn XP percentage of total XP
 D = Spawn monster count
 E = Non-spawn monster count
 F = Spawn count percentage of total count
 G = Total turns spent on level
                    A         B        C        D         E        F      G
               +---------+---------+-------+---------+---------+-------+---------
         Total |   45619 | 1741395 |   2.6 |      98 |    2850 |   3.3 | 89809
               +---------+---------+-------+---------+---------+-------+---------
           D:1 |       0 |      71 |   0.0 |       0 |      31 |   0.0 |  1373
           D:2 |       0 |     131 |   0.0 |       0 |      23 |   0.0 |  1407
           D:3 |       0 |     120 |   0.0 |       0 |      22 |   0.0 |  1131
           D:4 |       0 |     250 |   0.0 |       0 |      29 |   0.0 |  1503
           D:5 |       0 |    1048 |   0.0 |       0 |      23 |   0.0 |  2324
           D:6 |       0 |    1692 |   0.0 |       0 |      29 |   0.0 |  1558
           D:7 |       0 |    1948 |   0.0 |       0 |      39 |   0.0 |  1897
           D:8 |       0 |    3073 |   0.0 |       0 |      25 |   0.0 |  1484
           D:9 |       0 |    4195 |   0.0 |       0 |      31 |   0.0 |  1787
          D:10 |       0 |    4441 |   0.0 |       0 |      26 |   0.0 |  1906
          D:11 |       0 |    6711 |   0.0 |       0 |      47 |   0.0 |  2910
          D:12 |       0 |    4781 |   0.0 |       0 |      29 |   0.0 |  1371
          D:13 |       0 |   12402 |   0.0 |       0 |      71 |   0.0 |  1779
          D:14 |       0 |   11739 |   0.0 |       0 |      47 |   0.0 |  2125
          D:15 |       0 |   17851 |   0.0 |       0 |      55 |   0.0 |  1630
        Lair:1 |       0 |    2381 |   0.0 |       0 |      15 |   0.0 |  1506
        Lair:2 |       0 |    2350 |   0.0 |       0 |      14 |   0.0 |  1083
        Lair:3 |       0 |    3594 |   0.0 |       0 |      22 |   0.0 |  1138
        Lair:4 |       0 |    6510 |   0.0 |       0 |      26 |   0.0 |  1563
        Lair:5 |       0 |    4258 |   0.0 |       0 |      20 |   0.0 |  1073
        Lair:6 |       0 |   16093 |   0.0 |       0 |      83 |   0.0 |  1985
      Shoals:1 |       0 |    5073 |   0.0 |       0 |      15 |   0.0 |   919
      Shoals:2 |       0 |   14148 |   0.0 |       0 |      26 |   0.0 |  1181
      Shoals:3 |       0 |   10149 |   0.0 |       0 |      28 |   0.0 |   660
      Shoals:4 |       0 |   28037 |   0.0 |       0 |      56 |   0.0 |  1514
      Spider:1 |       0 |   12595 |   0.0 |       0 |      50 |   0.0 |   908
      Spider:2 |       0 |   12852 |   0.0 |       0 |      47 |   0.0 |  1309
      Spider:3 |       0 |   22926 |   0.0 |       0 |      50 |   0.0 |  2648
      Spider:4 |       0 |   33890 |   0.0 |       0 |      80 |   0.0 |  2537
       Slime:1 |       0 |    2170 |   0.0 |       0 |       4 |   0.0 |    63
       Slime:2 |       0 |    8936 |   0.0 |       0 |      25 |   0.0 |   191
       Slime:3 |       0 |   17039 |   0.0 |       0 |      36 |   0.0 |   369
       Slime:4 |       0 |    8259 |   0.0 |       0 |      20 |   0.0 |   224
       Slime:5 |       0 |   46497 |   0.0 |       0 |      28 |   0.0 |   397
         Orc:1 |       0 |    1412 |   0.0 |       0 |      11 |   0.0 |   541
         Orc:2 |       0 |    2110 |   0.0 |       0 |      17 |   0.0 |  1231
         Elf:1 |       0 |   31840 |   0.0 |       0 |      51 |   0.0 |  2110
         Elf:2 |       0 |   19099 |   0.0 |       0 |      33 |   0.0 |   649
         Elf:3 |       0 |   66849 |   0.0 |       0 |      65 |   0.0 |  2856
      Vaults:1 |       0 |   38971 |   0.0 |       0 |      69 |   0.0 |  2322
      Vaults:2 |       0 |   32414 |   0.0 |       0 |      58 |   0.0 |  1501
      Vaults:3 |       0 |   26812 |   0.0 |       0 |      44 |   0.0 |  1779
      Vaults:4 |       0 |   59173 |   0.0 |       0 |      86 |   0.0 |  2244
      Vaults:5 |       0 |  167336 |   0.0 |       0 |     134 |   0.0 |  2075
       Crypt:1 |       0 |   41993 |   0.0 |       0 |      51 |   0.0 |  1250
       Crypt:2 |       0 |   38634 |   0.0 |       0 |      50 |   0.0 |   830
       Crypt:3 |       0 |   80318 |   0.0 |       0 |     135 |   0.0 |  1620
        Tomb:1 |       0 |  112633 |   0.0 |       0 |      69 |   0.0 |  2372
        Tomb:2 |       0 |   48650 |   0.0 |       0 |      63 |   0.0 |  1882
        Tomb:3 |       0 |  105342 |   0.0 |       0 |     114 |   0.0 |   767
      Depths:1 |       0 |   44243 |   0.0 |       0 |      60 |   0.0 |  1956
      Depths:2 |       0 |  128716 |   0.0 |       0 |     159 |   0.0 |  4746
      Depths:3 |       0 |   75745 |   0.0 |       0 |      84 |   0.0 |  2829
      Depths:4 |       0 |   60161 |   0.0 |       0 |      48 |   0.0 |  1619
      Depths:5 |       0 |   55810 |   0.0 |       0 |      37 |   0.0 |  1178
          Hell |       0 |   36622 |   0.0 |       0 |      54 |   0.0 |   253
       Abyss:1 |       0 |    2062 |   0.0 |       0 |       1 |   0.0 |    46
       Abyss:2 |   22613 |   23589 |  48.9 |      45 |      47 |  48.9 |  1376
       Abyss:3 |    8743 |   36007 |  19.5 |      24 |      47 |  33.8 |   670
       Abyss:4 |   11030 |   21452 |  34.0 |      23 |      29 |  44.2 |   335
           Pan |    3233 |   53984 |   5.7 |       6 |      61 |   9.0 |   783
           Lab |       0 |    1208 |   0.0 |       0 |       1 |   0.0 |   371
               +---------+---------+-------+---------+---------+-------+---------
